 Dungeon Crawl Stone Soup version 0.27.1-33-g824d729ab1 (webtiles) character file.

Game seed: 5265647382177870378

63 Iich the Skirmisher (level 3, -1/51 HPs)
             Began as a Minotaur Berserker on Dec 10, 2021.
             Was a Follower of Trog.
             Slain by Sigmund (9 damage)
             ... on level 3 of the Dungeon.
             The game lasted 00:02:19 (1814 turns).

Iich the Skirmisher (Minotaur Berserker)            Turns: 1814, Time: 00:02:20

Health: -1/51      AC: 11    Str: 22    XL:     3   Next: 87%
Magic:  2/2        EV:  7    Int:  4    God:    Trog [*.....]
Gold:   67         SH:  0    Dex:  9    Spells: 2/2 levels left

rFire    . . .     SeeInvis .   j - +0 war axe
rCold    . . .     Faith    .   (no shield)
rNeg     . . .     Spirit   .   d - +0 plate armour
rPois    .         Reflect  .   (helmet restricted)
rElec    .         Harm     .   (no cloak)
rCorr    .         Rampage  .   (no gloves)
Will     .....                  (no boots)
Stlth    ..........             k - amulet of magic regeneration
HPRegen  0.17/turn              (no ring)
MPRegen  0.33/turn              (no ring)

@: berserking, very quick
A: horns 2, retaliatory headbutt
a: Renounce Religion, Berserk


You were on level 3 of the Dungeon.
You worshipped Trog.
Trog was aware of your devotion.
You visited 1 branch of the dungeon, and saw 3 of its levels.

You collected 67 gold pieces.

Inventory:

Hand Weapons
 a - a +0 mace
 j - a +0 war axe (weapon)
Armour
 b - a +0 animal skin
 d - a +0 plate armour (worn)
Jewellery
 k - an amulet of magic regeneration (around neck)
Scrolls
 e - a scroll of teleportation
 f - a scroll of amnesia {unknown}
 g - 2 scrolls of magic mapping
Potions
 c - 2 potions of might
 h - a potion of brilliance {unknown}
 i - a potion of heal wounds {unknown}
 l - a potion of mutation {unknown}


   Skills:
 + Level 4.4 Fighting
 + Level 1.1(2.9) Axes
 + Level 4.2(4.3) Maces & Flails
 + Level 3.2 Armour
 + Level 2.5 Dodging
 + Level 0.2 Stealth


You had 2 spell levels left.
You didn't know any spells.
Your spell library was empty.

Dungeon Overview and Level Annotations

Branches:
Dungeon (3/15)

Altars:

Annotations:
D:3 Sigmund


Innate Abilities, Weirdness & Mutations

You have a pair of horns on your head.
You reflexively headbutt those who attack you in melee.


Message History

You headbutt the frilled lizard.
You kill the frilled lizard!
Trog accepts your kill.
Sigmund the Dreaded comes into view.
He is wielding a +0 scythe and wearing a +2 robe of cold resistance.
Sigmund shouts!
Sigmund moves out of view.
You see here a frilled lizard corpse.
Found a mace.
Sigmund mumbles some strange words.
Sigmund flickers and vanishes!
Deactivating autopickup; reactivate with Ctrl-A.
Terence barely misses you.
You slash Terence! Your headbutt misses Terence.
Terence is moderately wounded.
Something hits you! Terence hits you but does no damage.
A magic dart appears from out of thin air!
The magic dart hits you but does no damage.
Terence hits you with a +0 hand axe.
You closely miss Terence. You headbutt Terence.
Terence is severely wounded.
Something hits you! Terence closely misses you.
You barely miss Terence. You headbutt Terence, but do no damage.
Terence is severely wounded.
Terence barely misses you. Something hits you.
* * * LOW HITPOINT WARNING * * *
Terence hits you with a +0 hand axe.
* * * LOW HITPOINT WARNING * * *
A red film seems to cover your vision as you go berserk!
You feel yourself moving faster!
You feel mighty! Something hits you.
* * * LOW HITPOINT WARNING * * *
Terence closely misses you. You furiously retaliate!
You headbutt Terence. You barely miss Terence. You headbutt Terence.
You kill Terence!
Trog accepts your kill.
Your base Axes skill increases to level 1!
Something hits you.
* * * LOW HITPOINT WARNING * * *
You slash something! Your headbutt misses something. Something hits you!
You die...

..... .... ..# #
#.# ###.#
...#####<##.....
..?.............
####.###.##.###.
#.###)#.)#####
#.....@{......
....###...######
## ##...# ..#..#
.###... #. ##..
#. #.. #. #.


There were no monsters in sight!

Vanquished Creatures
  Terence (D:3)
  An adder (D:2)
  A dart slug (D:1)
  A bat (D:1)
  2 endoplasms
  2 goblins
  5 hobgoblins
  3 kobolds
  2 quokkas (D:1)
  5 ball pythons (D:1)
  2 frilled lizards
  A rat (D:2)
26 creatures vanquished.

Notes
Turn   | Place    | Note
-------+----------+-------------------------------------------
     0 | D:1      | Iich the Minotaur Berserker began the quest for the Orb.
     0 | D:1      | Reached XP level 1. HP: 19/19 MP: 0/0
   607 | D:1      | Reached XP level 2. HP: 27/27 MP: 1/1
  1100 | D:2      | Reached XP level 3. HP: 33/33 MP: 2/2
  1801 | D:3      | Noticed Terence
  1804 | D:3      | Noticed Sigmund
  1812 | D:3      | Killed Terence
  1813 | D:3      | Reached skill level 1 in Axes
  1814 | D:3      | Slain by Sigmund

Illustrated notes

Levels and vault maps discovered:
D:1:      heliophobic_arrival_ceremonial_halls, layout_rooms, minivault_4,
          minmay_vboxes
D:2:      layout_loops_corners
D:3:      layout_rooms, chequers_decorated_corner, uniq_robin, uniq_terence,
          uniq_sigmund

Skill      XL: |  1  2  3 |
---------------+----------+-----
Fighting       | 4 |  4.4
Armour         | 3 |  3.2
Maces & Flails | 4 |  4.2
Axes           | 1 |  1.1
Dodging        | |  2.5
Stealth        | |  0.2

Action                   || total
-------------------------++-------
Melee: Mace              ||    29
       Headbutt          ||    11
       War axe           ||    17
Invok: Berserk           ||     1
  Use: Scroll            ||     2
       Potion            ||     1
Armor: Plate armour      ||    31
       Animal skin       ||     2
Dodge: Dodged            ||    25
